 Dungeon Crawl Stone Soup version 0.26-a0-812-g31a745ddcd (webtiles) character file.

Game seed: 4765428729456078238

129541 grindst0ne the Blinker (level 16, -1/87 (88) HPs)
             Began as a Spriggan Enchanter on Dec 7, 2020.
             Was the Champion of Dithmenos.
             Slain by a spriggan rider
             ... wielding a +0 spear
              (17 damage)
             ... while paralysed by a fenstrider witch
             ... on level 1 of the Swamp on Dec 8, 2020.
             The game lasted 02:14:16 (34923 turns).

grindst0ne the Blinker (Spriggan Enchanter)        Turns: 34923, Time: 02:14:17

HP:   -1/87 (88)    AC:  7    Str:  7    XL:     16   Next: 50%
MP:   35/35         EV:  4    Int: 27    God:    Dithmenos [******]
Gold: 1799          SH:  0    Dex: 17    Spells: 19/43 levels left

rFire    + + .     SeeInvis +   k - +3 dagger (freeze)
rCold    + . .     Faith    .   (shield restricted)
rNeg     . . .     Spirit   .   Q - +1 robe {Archmagi}
rPois    +         Reflect  .   N - +1 hat of the Peculiar Bones {rF+++ MR- rCorr Str-3}
rElec    .         Harm     .   b - +2 cloak {Stlth+}
rCorr    +         Rampage  .   (gloves unavailable)
MR       +....                  (boots unavailable)
Stlth    ++++++++++             I - amulet of regeneration
HPRegen  0.64/turn              y - ring of Xom's Entertainment {Ice *Corrode rPois Slay+5 SInv}
MPRegen  0.24/turn              O - ring of Gaguoshre {+Fly rPois Str+6 Int+4}

@: paralysed, wreathed by umbra, studying Necromancy, very quick
A: very small, unfitting armour, see invisible, speed 3
a: Shadow Step, Shadow Form, Renounce Religion, Evoke Flight


You were on level 1 of the Swamp.
You worshipped Dithmenos.
Dithmenos was exalted by your worship.
You visited 5 branches of the dungeon, and saw 25 of its levels.
You visited the Abyss 1 time.
You also visited: Ossuary.

You collected 2533 gold pieces.
You spent 734 gold pieces at shops.

Inventory:

Hand Weapons
 k - a +3 dagger of freezing (weapon)
 E - a +3 scimitar of flaming
 K - a +2 dagger of protection
Missiles
 h - 6 throwing nets (quivered)
Armour
 b - a +2 cloak of stealth (worn)
 g - a +0 buckler of positive energy
 G - a +2 buckler
 N - the +1 hat of the Peculiar Bones (worn) {rF+++ MR- rCorr Str-3}
   (You acquired it on level 10 of the Dungeon)

   It affects your strength (-3).
   It renders you almost immune to fire.
   It affects your resistance to hostile enchantments.
   It provides partial protection from all sources of acid and corrosion.
 Q - a +1 robe of the Archmagi (worn)
Jewellery
 o - an uncursed ring of resist corrosion
 r - an uncursed ring of protection from magic
 y - the ring of Xom's Entertainment (left hand) {Ice *Corrode rPois Slay+5 SInv}
   (You acquired it on level 10 of the Dungeon)

   [ring of ice]

   It enhances your ice magic.
   It affects your accuracy and damage with ranged weapons and melee attacks
   (+5).
   It makes you vulnerable to fire.
   It protects you from cold.
   It protects you from poison.
   It lets you see invisible.
   It may corrode you when you take damage.
 C - the ring of a Billion Youths {MR+ Int+6 Dex+5}
   (You found it on level 8 of the Dungeon)

   [ring of intelligence]

   It affects your intelligence (+6).
   It affects your dexterity (+5).
   It affects your resistance to hostile enchantments.
 I - an amulet of regeneration (around neck)
 O - the ring of Gaguoshre (right hand) {+Fly rPois Str+6 Int+4}
   (You found it on level 15 of the Dungeon)

   [ring of strength]

   It affects your strength (+6).
   It affects your intelligence (+4).
   It protects you from poison.
   It lets you fly.
 U - the ring "Gewnu" {Wiz +Fly Int+4}
   (You acquired it on level 3 of the Lair of Beasts)

   [ring of wizardry]

   It improves your spell success rate.
   It affects your intelligence (+4).
   It lets you fly.
 Z - an uncursed ring of magical power
Wands
 c - a wand of acid (4)
 u - a wand of flame (43)
 v - a wand of digging (8)
 D - a wand of paralysis (7)
 X - a wand of polymorph (12)
Scrolls
 d - 3 scrolls of fear
 e - 6 scrolls of teleportation
 i - 7 scrolls of enchant weapon
 j - 7 scrolls of remove curse
 l - 5 scrolls of fog
 m - 4 scrolls of immolation
 q - 10 scrolls of enchant armour
 z - 2 scrolls of brand weapon
 A - a scroll of silence
 F - 4 scrolls of amnesia
 J - a scroll of blinking {unknown}
 L - 2 scrolls of magic mapping
 P - 2 scrolls of vulnerability
 Y - a scroll of summoning
Potions
 f - 3 potions of haste
 n - 2 potions of resistance
 p - 4 potions of ambrosia
 s - 4 potions of lignification
 t - 2 potions of might
 w - 2 potions of flight
 x - 11 potions of curing
 B - 3 potions of berserk rage
 H - 2 potions of brilliance
 M - 4 potions of mutation
 S - 2 potions of magic
 T - 3 potions of heal wounds
 W - 4 potions of cancellation
Books
 a - a manual of Necromancy


   Skills:
 - Level 12.0 Fighting
 - Level 10.0 Short Blades
 - Level 14.0 Dodging
 - Level 14.0 Stealth
 - Level 14.0 Spellcasting
 - Level 13.2 Hexes
 - Level 17.2 Translocations
 + Level 0.5 Transmutations
 + Level 0.2 Earth Magic
 - Level 11.0 Evocations


You had 19 spell levels left.
You knew the following spells:

 Your Spells              Type           Power        Failure   Level
a - Corona                Hex            #######      0%          1
b - Ensorcelled Hibernat  Hex/Ice        ######       1%          2
c - Confusing Touch       Hex            #######.     1%          3
d - Blink                 Tloc           N/A          0%          2
e - Passage of Golubria   Tloc           N/A          1%          4
f - Dazzling Flash        Conj/Hex       ######       1%          3
g - Lesser Beckoning      Tloc           ########..   0%          3
h - Statue Form           Tmut/Erth      ####.....    98%         6

Your spell library contained the following spells:

 Spells                   Type           Power        Failure   Level
 Gell's Gravitas          Tloc           ########..   0%          3
 Teleport Other           Tloc           ########     0%          3
 Slow                     Hex            #######.     1%          2
 Inner Flame              Hex/Fire       ######..     1%          3
 Tukima's Dance           Hex            #######.     1%          3
 Cause Fear               Hex            #######...   1%          4
 Fulminant Prism          Conj/Hex       ######....   1%          4
 Iskenderun's Mystic Bla  Conj/Tloc      #######.     1%          4
 Beastly Appendage        Tmut           ####..       2%          1
 Foxfire                  Conj/Fire      ####         2%          1
 Magic Dart               Conj           ####         2%          1
 Shock                    Conj/Air       ####         2%          1
 Wereblood                Tmut           ####....     3%          2
 Call Imp                 Summ           ####....     4%          2
 Poisonous Vapours        Pois/Air       ####..       4%          2
 Searing Ray              Conj           ####..       4%          2
 Swiftness                Air            ####....     4%          2
 Yara's Violent Unravell  Hex/Tmut       ######....   4%          5
 Metabolic Englaciation   Hex/Ice        #######...   5%          5
 Silence                  Hex/Air        ######....   5%          5
 Spider Form              Tmut/Pois      ####......   8%          3
 Conjure Flame            Conj/Fire      ####....     9%          3
 Mephitic Cloud           Conj/Pois/Air  ####....     9%          3
 Static Discharge         Conj/Air       ####....     9%          3
 Petrify                  Tmut/Erth      ####....     24%         4
 Ice Form                 Ice/Tmut       #####...     26%         4
 Airstrike                Air            ####......   28%         4
 Sticky Flame             Conj/Fire      ####....     28%         4
 Blade Hands              Tmut           ####......   54%         5
 Irradiate                Conj/Tmut      ####......   56%         5
 Fireball                 Conj/Fire      ####......   61%         5
 Lightning Bolt           Conj/Air       ####......   61%         5
 Discord                  Hex            #######...   63%         8
 Hydra Form               Tmut           ####......   98%         6
 Freezing Cloud           Conj/Ice/Air   #####.....   99%         6
 Dragon Form              Tmut           ####......   100%        7
 Dragon's Call            Summ           ####......   100%        9


Dungeon Overview and Level Annotations

Branches:
Dungeon (15/15)            Temple (1/1) D:7            Lair (6/6) D:8
  Swamp (1/4) Lair:4       Shoals (0/4) Lair:3        Slime (0/5) Lair:5
    Orc (2/2) D:10            Elf (0/3) Orc:2        Vaults (0/5) D:13
 Depths (0/5) D:15        Ossuary (visited)

Altars:
Ashenzari
Cheibriados
Dithmenos
Elyvilon
Fedhas
Gozag
Hepliaklqana
Kikubaaqudgha
Makhleb
Nemelex Xobeh
Okawaru
Qazlal
Ru
Sif Muna
Trog
Uskayaw
Vehumet
Wu Jian
Xom
Yredelemnul
Zin
The Shining One
Beogh
Jiyva

Shops:
D:4 (   D:7 *   D:9 *   D:13 }   Orc:2 (:[*

Annotations:
D:6 exclusion: downstairs
D:13 3 runed translucent doors, Qalota's ghost, journeyman MiBe
D:14 exclusion: downstairs
D:15 Buat's ghost, journeyman DDFi; Gakhisux's ghost, journeyman DrFE
Lair:5 exclusion: 2 downstairs


Innate Abilities, Weirdness & Mutations

You are very small and have problems with some larger weapons.
You are too small for most types of armour.
You have supernaturally acute eyesight. (SInv)
You cover ground extremely quickly.


Message History

Found a potion of mutation.
You see here a swamp worm corpse.
The helpless bloated husk fails to defend itself.
You perforate the bloated husk like a sieve!!!!
You freeze the bloated husk.
The bloated husk explodes!
The blast of putrescent gases engulfs you!!
Dithmenos accepts your kill.
The bunyip gives a hideous shriek!
You hear a shout! x3
You hear a hideous shriek!
A spriggan rider comes into view. It is wielding a +0 spear.
The fenstrider witch casts a spell at you.
You suddenly lose the ability to move!
The bunyip howls a warning cry! x2
The fenstrider witch hits you! The fenstrider witch kicks you!
A spriggan rider comes into view. It is wielding a +2 vampiric spear.
The fenstrider witch hits you!! The fenstrider witch kicks you!
* * * LOW HITPOINT WARNING * * *
The spriggan rider hits you from afar with a +0 spear!
You die...

≈.. .≈.... ♣♣♣♣
.≈i.H.≈≈≈≈≈
♣≈.♣♣♣♣.....≈≈≈i≈
♣♣.≈.≈♣♣§≈...≈x≈≈≈
♣≈≈≈....≈♣ .≈≈..♣
♣≈<[.≈≈.♣ ♣..≈≈≈♣
♣♣...≈≈.♣♣≈..≈≈..
♣♣♣.≈.@H≈x≈!.≈≈!
♣♣♣♣.xi§≈≈.≈≈.
♣..≈≈≈≈≈≈≈.
♣♣≈.≈≈.≈≈..
♣♣.≈≈$≈≈..
♣.≈≈≈≈≈..
♣.≈≈≈≈≈≈.
♣.≈≈≈§.≈.
♣♣.≈≈....


You could see 2 bunyips, a fenstrider witch and 2 spriggan riders.

Vanquished Creatures
  Jorgrun (D:13)
  A tentacled starspawn (Abyss:2)
  A tengu reaver (D:13)
  A fire giant (D:13)
  Louise (D:15)
  An orc warlord (Orc:1)
  A frost giant (D:13)
  2 very ugly things (D:13)
  Nessos (Lair:6)
  Azrael (D:13)
  A white draconian (Abyss:2)
  An ettin (D:15)
  Snorg (D:13)
  2 ogre magi (D:15)
  A fire dragon (D:13)
  A yaktaur captain (D:13)
  Erolcha (Orc:1)
  11 hydras
  2 boulder beetles
  3 catoblepae (Lair:6)
  10 two-headed ogres
  5 tengu warriors
  A centaur warrior (D:13)
  9 death yaks
  2 orc high priests
  A deep elf knight (D:15)
  A storm dragon zombie (Abyss:2)
  A fire crab (D:13)
  A sixfirhy (Abyss:2)
  4 skeletal warriors (D:15)
  A glowing orange brain (D:13)
  8 orc knights
  A lindwurm (Lair:6)
  A wolf spider (D:13)
  A necromancer (D:13)
  A wolf spider zombie (D:14)
  5 deep elf magi
  7 orc sorcerers
  18 ugly things
  6 cyclopes
  3 black mambas (Lair:1)
  9 manticores
  A guardian serpent (Lair:6)
  4 gargoyles
  6 elephants
  A smoke demon (Abyss:2)
  A rust devil (Abyss:2)
  A torpor snail (Lair:4)
  An orange demon (Abyss:2)
  13 cane toads
  A rime drake (Lair:2)
  2 efreet
  7 komodo dragons
  2 kobold demonologists (D:11)
  2 tengu conjurers
  2 polar bears
  8 trolls
  4 meliai
  A bloated husk (Swamp:1)
  2 hornets
  2 raiju (Abyss:2)
  A meliai (shapeshifter) (Abyss:2)
  13 slime creatures
  13 blink frogs
  5 dream sheep (Lair:5)
  A snapping turtle (Lair:3)
  2 ynoxinuls (Abyss:2)
  A shadow (D:15)
  An ettin skeleton (Abyss:2)
  5 wyverns
  2 water elementals
  A wraith (D:13)
  Sigmund (D:2)
  A fire elemental (D:13)
  40 yaks
  Grum (Lair:1)
  2 basilisks
  A golden eye (Abyss:2)
  3 small abominations (Abyss:2)
  9 vampire mosquitoes
  A swamp worm (Swamp:1)
  2 acid dragons
  A warg (D:15)
  A soldier ant (D:12)
  3 large abominations (Abyss:2)
  2 hell hounds
  19 water moccasins
  An ice beast (shapeshifter) (D:14)
  5 ice beasts
  34 orc warriors
  7 sky beasts
  The ghost of kae the Skirmisher, an amateur HOFi (D:3)
  36 wolves
  4 phantoms
  2 black bears
  2 necrophages
  13 ogres
  6 centaurs
  4 big kobolds (D:8)
  27 bullfrogs
  2 elf zombies (D:6)
  A gnoll sergeant (D:9)
  A water moccasin zombie (Ossuary)
  A wyvern zombie (D:6)
  A hornet simulacrum (D:15)
  2 scorpions (D:11)
  9 killer bees
  19 wights
  2 electric eels
  8 howler monkeys
  3 bullfrog zombies (D:11)
  5 centaur zombies
  A quasit (D:8)
  13 jellies
  27 orc wizards
  11 hounds
  4 bullfrog skeletons
  22 orc priests
  2 centaur skeletons
  5 iguanas
  An iron imp (Abyss:2)
  3 human skeletons (D:6)
  6 worker ants
  A big kobold zombie (Ossuary)
  2 mummies (Ossuary)
  2 howler monkey zombies
  2 worker ant zombies
  18 gnolls
  8 adders
  2 shadow imps
  A white imp (D:9)
  3 ufetubi
  4 oozes (D:8)
  2 adder zombies (Ossuary)
  An adder skeleton (D:6)
  A worm (D:4)
  A dart slug (D:1)
  A leopard gecko (D:11)
  94 orcs
  6 bats
  12 giant cockroaches
  5 gnoll zombies (Ossuary)
  10 goblins
  7 hobgoblins
  11 jackals
  9 quokkas
  4 ball pythons
  4 frilled lizards
  3 hobgoblin zombies (Ossuary)
  12 kobolds
  5 kobold zombies (Ossuary)
  A leopard gecko skeleton (D:5)
  7 orc zombies
  9 rats
863 creatures vanquished.

Vanquished Creatures (others)
  A fire elemental (D:13)
  A water moccasin zombie (Ossuary)
  An adder zombie (Ossuary)
  38 fungi
  57 plants
  8 starspawn tentacles (Abyss:2)
  10 toadstools (D:8)
116 creatures vanquished.

Grand Total: 979 creatures vanquished

Notes
Turn   | Place    | Note
-------+----------+-------------------------------------------
     0 | D:1      | grindst0ne the Spriggan Enchanter began the quest for the
                  | Orb.
     0 | D:1      | Reached XP level 1. HP: 9/9 MP: 5/5
   278 | D:1      | Reached XP level 2. HP: 8/13 MP: 4/6
   318 | D:1      | Learned a level 2 spell: Ensorcelled Hibernation
   593 | D:1      | Reached skill level 5 in Stealth
   954 | D:1      | Reached XP level 3. HP: 10/16 MP: 8/8
   959 | D:1      | Learned a level 3 spell: Confusing Touch
  1675 | D:2      | Noticed Sigmund
  1680 | D:2      | Killed Sigmund
  1680 | D:2      | Reached skill level 5 in Dodging
  1680 | D:2      | Reached skill level 5 in Hexes
  1680 | D:2      | Reached XP level 4. HP: 21/21 MP: 6/9
  1680 | D:2      | Reached XP level 5. HP: 24/24 MP: 6/10
  2894 | D:3      | Reached XP level 6. HP: 27/28 MP: 0/11
  3369 | D:3      | Found a runed translucent gate.
  3369 | D:3      | Found a runed translucent gate.
  3399 | D:3      | Found a runed translucent gate.
  3400 | D:3      | Noticed kae's ghost (amateur HOFi)
  3469 | D:3      | Found a glowing golden altar of the Shining One.
  3673 | D:3      | Killed kae's ghost
  3800 | D:4      | Reached skill level 10 in Hexes
  3800 | D:4      | Reached XP level 7. HP: 32/32 MP: 12/12
  3801 | D:4      | Reached XP level 8. HP: 46/46 MP: 13/13
  3894 | D:4      | Found Jeamueph's Weapon Shop.
  4348 | D:5      | Entered Level 5 of the Dungeon
  4672 | D:5      | Reached XP level 9. HP: 50/50 MP: 14/14
  5522 | D:6      | Found a sand-covered staircase.
  5547 | Ossuary  | Entered an ossuary
  6639 | D:7      | Found Jeurioli's Elemental Accessories.
  7519 | D:7      | Reached XP level 10. HP: 46/55 MP: 7/15
  7868 | D:7      | Found a sparkling altar of Nemelex Xobeh.
  8121 | D:7      | Found a staircase to the Ecumenical Temple.
  8136 | Temple   | Entered the Ecumenical Temple
  8254 | Temple   | Became a worshipper of Dithmenos the Shadowed
  8647 | D:8      | Found a staircase to the Lair.
  9227 | D:8      | Got a vibrating silver ring
  9229 | D:8      | Identified the ring of a Billion Youths {MR+ Int+6 Dex+5}
                  | (You found it on level 8 of the Dungeon)
  9724 | D:8      | Found a hazy altar of Hepliaklqana.
  9935 | D:8      | Reached * piety under Dithmenos
  9945 | D:8      | Reached skill level 5 in Short Blades
 10460 | D:9      | Reached skill level 1 in Evocations
 10523 | D:9      | Reached ** piety under Dithmenos
 11493 | D:9      | Found Lyufrugg's General Store.
 11563 | D:10     | Entered Level 10 of the Dungeon
 11738 | D:10     | Found a staircase to the Orcish Mines.
 11789 | D:10     | Noticed a six-headed hydra
 11801 | D:10     | Killed a six-headed hydra
 11801 | D:10     | Reached XP level 11. HP: 58/58 MP: 15/17
 12047 | D:10     | Reached skill level 5 in Evocations
 12058 | D:10     | Identified 2 scrolls of acquirement
 12059 | D:10     | Acquired the +1 hat of the Peculiar Bones {rF+++ MR- rCorr
                  | Str-3}
 12063 | D:10     | Acquired the ring of Xom's Entertainment {Ice *Corrode
                  | rPois Slay+5 SInv}
 12102 | D:10     | Reached *** piety under Dithmenos
 12498 | Lair:1   | Entered Level 1 of the Lair of Beasts
 12498 | Lair:1   | Noticed Grum
 12607 | Lair:1   | Noticed a seven-headed hydra
 12608 | Lair:1   | Noticed a seven-headed hydra
 12613 | Lair:1   | Killed a seven-headed hydra
 12616 | Lair:1   | Killed a seven-headed hydra
 12889 | Lair:1   | Killed Grum
 13859 | Lair:2   | Reached **** piety under Dithmenos
 13869 | Lair:2   | Learned a level 2 spell: Blink
 13874 | Lair:2   | Learned a level 4 spell: Passage of Golubria
 13937 | Lair:2   | Noticed an eight-headed hydra
 13944 | Lair:2   | Killed an eight-headed hydra
 13944 | Lair:2   | Reached skill level 1 in Translocations
 14007 | Lair:2   | Reached XP level 12. HP: 65/65 MP: 12/19
 14072 | Lair:2   | Reached skill level 2 in Translocations
 14571 | Lair:3   | Acquired the ring "Gewnu" {Wiz +Fly Int+4}
 14645 | Lair:3   | Reached skill level 3 in Translocations
 14736 | Lair:3   | Noticed a four-headed hydra
 14742 | Lair:3   | Killed a four-headed hydra
 14794 | Lair:3   | Reached skill level 4 in Translocations
 14918 | Lair:3   | Found a staircase to the Shoals.
 15277 | Lair:3   | Reached skill level 5 in Translocations
 15934 | Lair:4   | Reached skill level 10 in Short Blades
 15969 | Lair:4   | Reached skill level 6 in Translocations
 16151 | Lair:4   | Reached skill level 7 in Translocations
 16179 | Lair:4   | Noticed a seven-headed hydra
 16265 | Lair:4   | Killed a seven-headed hydra
 16346 | Lair:4   | Reached skill level 8 in Translocations
 16383 | Lair:4   | Found a staircase to the Swamp.
 16933 | Lair:4   | Reached skill level 9 in Translocations
 17205 | Lair:5   | Reached ***** piety under Dithmenos
 17387 | Lair:5   | Reached skill level 10 in Translocations
 17927 | Lair:5   | Reached skill level 11 in Translocations
 18107 | Lair:5   | Noticed a six-headed hydra
 18158 | Lair:5   | Reached XP level 13. HP: 70/70 MP: 15/20
 18468 | Lair:5   | Reached skill level 12 in Translocations
 18513 | Lair:5   | Found a staircase to the Slime Pits.
 18513 | Lair:5   | Found a viscous altar of Jiyva.
 18699 | Lair:6   | Entered Level 6 of the Lair of Beasts
 18714 | Lair:5   | Learned a level 3 spell: Dazzling Flash
 19137 | Lair:6   | Noticed Nessos
 19155 | Lair:6   | Killed Nessos
 19310 | Lair:6   | Reached skill level 5 in Spellcasting
 19883 | Lair:6   | Reached skill level 13 in Translocations
 19918 | Lair:6   | Noticed Urug
 21215 | D:11     | Reached ****** piety under Dithmenos
 22474 | D:12     | Reached XP level 14. HP: 75/75 MP: 22/25
 22793 | D:12     | Reached skill level 10 in Fighting
 23076 | D:12     | Got a glittering brass ring
 23200 | D:12     | Identified the ring "Wutuseg" {Ice Int+5} (You found it on
                  | level 12 of the Dungeon)
 23258 | D:12     | Reached skill level 14 in Translocations
 23507 | D:13     | Noticed Jorgrun
 23546 | D:12     | Learned a level 3 spell: Lesser Beckoning
 23556 | D:13     | Found Futavov's Gadget Boutique.
 23573 | D:13     | Noticed Snorg
 23580 | D:13     | Killed Snorg
 23625 | D:13     | Noticed a tengu reaver
 23628 | D:13     | Killed a tengu reaver
 23647 | D:13     | Noticed Azrael
 23656 | D:13     | Noticed a fire giant
 24125 | D:14     | Found a sparkling altar of Nemelex Xobeh.
 24565 | D:14     | Reached skill level 10 in Spellcasting
 24859 | D:15     | Entered Level 15 of the Dungeon
 25205 | D:15     | Found a staircase to the Depths.
 25414 | D:13     | Killed a fire giant
 25639 | D:13     | Reached skill level 15 in Translocations
 25706 | D:13     | Reached XP level 15. HP: 63/81 MP: 16/31
 25859 | D:13     | Noticed a frost giant
 25901 | D:13     | Killed a frost giant
 25913 | D:13     | Killed Jorgrun
 26102 | D:13     | Found a gate to the Vaults.
 26107 | D:13     | Reached skill level 10 in Evocations
 26175 | D:13     | Found a runed translucent gate.
 26188 | D:13     | Found a runed translucent gate.
 26188 | D:13     | Found a runed translucent gate.
 26239 | D:13     | Killed Azrael
 26616 | D:13     | Reached skill level 16 in Translocations
 26631 | D:13     | Found a runed translucent gate.
 26631 | D:13     | Found a runed translucent gate.
 26640 | D:13     | Noticed Qalota's ghost (journeyman MiBe)
 26641 | D:13     | Found a runed translucent gate.
 26883 | D:15     | Identified the +8 short sword of Serolum {pain, rN+}
 26883 | D:15     | Noticed Louise
 26885 | D:15     | Cast into level 2 of the Abyss (Louise)
 27010 | Abyss:2  | Noticed a tentacled starspawn
 27238 | Abyss:2  | Noticed a tentacled starspawn
 27284 | Abyss:2  | Noticed a tentacled starspawn
 27471 | Abyss:2  | Noticed a tentacled starspawn
 27494 | Abyss:2  | Killed a tentacled starspawn
 27614 | D:15     | Escaped the Abyss
 29117 | D:15     | Acquired +0 shadow dragon scales
 29151 | D:15     | Killed Louise
 29492 | D:15     | Found a runed translucent gate.
 29492 | D:15     | Found a runed translucent gate.
 29492 | D:15     | Found a runed translucent gate.
 29493 | D:15     | Noticed Buat's ghost (journeyman DDFi)
 29493 | D:15     | Noticed a lich
 29494 | D:15     | Found an ancient bone altar of Kikubaaqudgha.
 29494 | D:15     | Noticed Gakhisux's ghost (journeyman DrFE)
 29495 | D:15     | Noticed Buat's ghost (journeyman DDFi)
 29496 | D:15     | Noticed a lich
 29835 | D:15     | Got a buzzing hat
 29839 | D:15     | Got a twitching copper ring
 29903 | D:14     | Identified the cursed +0 hat "Qoazxaas" {*Contam Rampage
                  | rPois Regen+} (You found it on level 15 of the Dungeon)
 29907 | D:14     | Identified the ring of Gaguoshre {+Fly rPois Str+6 Int+4}
                  | (You found it on level 15 of the Dungeon)
 30322 | Lair:6   | Reached XP level 16. HP: 87/87 MP: 32/35
 30544 | Lair:6   | Noticed Urug
 30544 | Lair:6   | Urug changed into Urug the guardian serpent
 30551 | Lair:6   | Killed Urug the guardian serpent
 32137 | Orc:1    | Entered Level 1 of the Orcish Mines
 32232 | Orc:1    | Noticed Erolcha
 32362 | Orc:1    | Killed Erolcha
 33021 | Orc:2    | Entered Level 2 of the Orcish Mines
 33029 | Orc:2    | Found a roughly hewn altar of Beogh.
 33539 | Orc:2    | Found a runed translucent door.
 33668 | Orc:2    | Reached skill level 17 in Translocations
 33696 | Orc:2    | Found a roughly hewn altar of Beogh.
 34270 | Orc:2    | Found Godoqitt's Book Shoppe.
 34278 | Orc:2    | Found Maova's Antique Weapon Shoppe.
 34326 | Orc:2    | Found Huewuh's General Store.
 34333 | Orc:2    | Found Ippiohoug's Antique Armour Shoppe.
 34368 | Orc:2    | Bought a scroll of identify for 32 gold pieces
 34368 | Orc:2    | Bought a scroll of summoning for 152 gold pieces
 34397 | Orc:2    | Found a staircase to the Elven Halls.
 34402 | Orc:2    | Found a roughly hewn altar of Beogh.
 34631 | Orc:2    | Bought a book of Transfigurations for 550 gold pieces
 34638 | Orc:2    | Learned a level 6 spell: Statue Form
 34908 | Swamp:1  | Entered Level 1 of the Swamp
 34919 | Swamp:1  | Paralysed by a fenstrider witch for 6 turns
 34923 | Swamp:1  | Slain by a spriggan rider

Illustrated notes

Levels and vault maps discovered:
D:1:      dpeg_arrival_subterranean_lakeside_camping, layout_rooms, st_stairs_1,
          minmay_worlds_worst_comb
D:2:      layout_rooms, uniq_sigmund
D:3:      layout_rooms, ebering_ghost_rock_garden, tso_metal_star
D:4:      layout_rooms, serial_shops, shop
D:5:      layout_loops_ring, chequers_serial_rivers_micro_c,
          kennysheep_generic_room_5
D:6:      minmay_diamond_boxcup, layout_rooms, nicolae_ossuary_entry_catacombs,
          minmay_misc_feat_alley
D:7:      layout_rooms, nicolae_overflow_crystal_walls,
          minmay_temple_entry_offerings, nicolae_elemental_shop,
          minmay_misc_feat_enclosed
D:8:      cheibrodos_fertilizer, layout_gridville, lair_entry_dummy, basic_altar
D:9:      layout_roguey, serial_shops, shop
D:10:     layout_irregular_city, orc_0_dummy
D:11:     minmay_the_grid_triangle_9x9_rhombus_thin_mashed
          [minmay_the_grid_triangle_9x9_windchime,
          minmay_the_grid_triangle_9x9_prize_schism,
          minmay_the_grid_triangle_9x9_negative_grid,
          minmay_the_grid_triangle_9x9_flanged_cone], layout_rooms
D:12:     layout_basic
D:13:     minmay_octo_star, layout_cave_pools, david_vaults_1,
          ploomutoo_gammafunk_ghost_potion_laboratory, serial_shops,
          nicolae_shop_stone, minmay_joined_circles, uniq_azrael, uniq_jorgrun,
          uniq_snorg
D:14:     layout_roguey, lemuel_tele_altar, wad_rectangle_vault
D:15:     hangedman_depths_entry_civil_slaughter, layout_basic,
          grunt_decor_fettered, gammafunk_ghost_crypt, wad_floor_pattern_1,
          chequers_serial_rivers_marsh, uniq_louise
Temple:   kilobyte_greek_temple
Lair:1:   layout_gridlike, minmay_shattered_shrine, uniq_grum
Lair:2:   layout_layer_cave, infiniplex_staircase_pool
Lair:3:   layout_cellular_growth, minmay_shoals_entry_hut
Lair:4:   layout_small_grid, minmay_swamp_entry_swarm
Lair:5:   layout_hall_layers, slime_altar_1, grunt_forest_large_clearings
Lair:6:   evilmike_catoblepas_cave, layout_hall_layers, uniq_nessos, uniq_urug
Swamp:1:  layout_basic_swamp, evilmike_swamp_ruin_house_1, swamp_pool1
Orc:1:    layout_caves, uniq_erolcha
Orc:2:    grunt_orc_cross, layout_caves, basic_altar, lightli_church_of_beogh

Skill      XL: |  1  2  3  4  5  6  7  8  9 10 11 12 13 14 15 16 |
---------------+-------------------------------------------------+-----
Hexes          | 4 5 10 11 13 | 13.2
Stealth        | 5 6 7 13 14 | 14.0
Dodging        | 5 11 12 13 14 | 14.0
Fighting       | 7 8 9 11 12 | 12.0
Short Blades   | 3 7 9 10 | 10.0
Evocations     | 4 8 9 11 | 11.0
Spellcasting   | 3 4 7 11 14 | 14.0
Translocations | 1 11 13 15 16 17 | 17.2
Transmutations | |  0.5
Earth Magic    | |  0.2

Action                   |  1- 3 |  4- 6 |  7- 9 | 10-12 | 13-15 | 16-18 || total
-------------------------+-------+-------+-------+-------+-------+-------++-------
Melee: Dagger            |   149 |   125 |   386 |   456 |   878 |   211 ||  2205
Throw: Throwing net      |       |       |       |       |     3 |       ||     3
 Cast: Corona            |     7 |       |       |       |       |     2 ||     9
       Ensorcelled Hiber |     9 |    48 |    59 |   214 |   302 |   171 ||   803
       Confusing Touch   |       |     1 |    21 |    21 |    89 |     3 ||   135
       Dazzling Flash    |       |       |       |       |    13 |    15 ||    28
       Blink             |       |       |       |       |     1 |     1 ||     2
Evoke: Wand              |       |       |       |    12 |    25 |     2 ||    39
  Use: Scroll            |       |     5 |     5 |    15 |    28 |     3 ||    56
       Potion            |       |     1 |     1 |       |     1 |       ||     3
 Stab: Sleeping          |    11 |    40 |    67 |   200 |   213 |   122 ||   653
       Confused          |       |     3 |    20 |    21 |    83 |     2 ||   129
       Distracted        |       |       |       |     1 |       |     1 ||     2
       Invisible         |       |       |       |       |    11 |    11 ||    22
       Paralysed         |       |       |       |       |     3 |       ||     3
       Held in net/web   |       |       |       |       |     1 |       ||     1
Armor: Robe              |    26 |     6 |    14 |    26 |    20 |    11 ||   103
Dodge: Dodged            |   163 |   106 |   347 |   483 |   693 |   241 ||  2033

Table legend: (Time is in decaauts)
 A = Elapsed time spent in this place.
 B = Non-inter-level travel time spent in this place.
 C = Inter-level travel time spent in this place.
 D = Time resting spent in this place.
 E = Time spent auto-exploring this place.
 F = Levels seen in this place.
 G = Mean time per level.
                   A        B        C        D        E       F      G
               +--------+--------+--------+--------+--------+-----+--------+
         Total |  25983 |  24592 |   1391 |   5534 |  10738 |  27 |  962.3 |
       Dungeon |  16300 |  15678 |    622 |   3997 |   6636 |  15 | 1086.7 |
        Temple |     96 |     72 |     24 |      0 |     59 |   1 |   96.0 |
          Lair |   7049 |   6343 |    706 |   1199 |   3265 |   6 | 1174.8 |
         Swamp |     11 |     11 |      0 |      0 |      0 |   1 |   11.0 |
  Orcish Mines |   1642 |   1604 |     38 |    160 |    739 |   2 |  821.0 |
         Abyss |    442 |    442 |      0 |      0 |      0 |   1 |  442.0 |
       Ossuary |    440 |    440 |      0 |    177 |     37 |   1 |  440.0 |
               +--------+--------+--------+--------+--------+-----+--------+

Top non-repeatable levels by time:
    D:15: 1830 daAuts
  Lair:6: 1804 daAuts
     D:8: 1682 daAuts
  Lair:5: 1604 daAuts
     D:1: 1442 daAuts
     D:6: 1346 daAuts
    D:10: 1292 daAuts
    D:13: 1163 daAuts
    D:14: 1150 daAuts
    D:12: 1122 daAuts
  Lair:3: 1111 daAuts
    D:11: 1029 daAuts
   Orc:2: 933 daAuts
  Lair:4: 931 daAuts
     D:9: 873 daAuts
